AoeStats
← Kırmızı Balık

Arena

509430364Analyzed
3v3 RM · 5d ago on Sep 26, 2026· 47m 19s· 6 players
Game mode
Random Map
Map size
Normal (6 player)
Population
200
Speed
Normal
Resources
Standard
Victory
Conquest
Starting age
Dark Age
Ending age
Imperial Age
RankedLock teamsTeams togetherTeam positionsShared explorationLock speedFull tech treeHidden civsTurbo modeCheats
Victory
Defeat
🇩🇪 Bohemians · Germany
1399
+13
🇩🇪 Bengalis · Germany
1397
+13
1343
+15
🇹🇷 Muisca · Türkiye
1431
-17
1311
-13
🇹🇷 Spanish · Türkiye
1263
-11
Çiftetelli oynayan duş başlığı
10:44 Feudal Age
14:40 Castle Age
16:55 Horse Collar
20:53 Heavy Plow
21:11 Gold Mining
21:14 Stone Mining
23:20 Wheelbarrow
22:33 Loom
26:53 Hand Cart
26:23 Town Watch
26:56 Scale Barding Armor
27:02 Forging
29:34 Imperial Age
27:04 Fletching
28:11 Masonry
28:37 Bloodlines
28:27 Husbandry
28:31 Light Cavalry
29:54 Town Patrol
30:23 Chain Barding Armor
30:58 Crop Rotation
31:05 Gold Shaft Mining
31:53 Chemistry
31:59 Conscription
31:49 Elite Battle Elephant
33:09 Howdah
34:44 Plate Barding Armor
34:44 Iron Casting
34:48 Devotion
38:29 Blast Furnace
37:26 Heavy Scorpion
39:01 Bodkin Arrow
39:07 Padded Archer Armor
43:14 Bracer
43:14 Scale Mail Armor
43:23 Squires
43:09 Arson
44:51 Ballistics
44:36 Siege Engineers
45:02 Architecture
44:30 Murder Holes
44:04 Hussar
45:01 Elite Skirmisher
MrBanana
10:39 Feudal Age
14:18 Castle Age
13:26 Double-Bit Axe
13:23 Horse Collar
14:05 Gold Mining
16:58 Bow Saw
17:05 Heavy Plow
21:15 Wheelbarrow
20:26 Loom
23:08 Hand Cart
25:26 Town Watch
28:20 Imperial Age
26:19 Fortified Wall
26:07 Murder Holes
26:26 Masonry
26:48 Forging
26:37 Stone Mining
27:25 Ballistics
27:36 Town Patrol
28:00 Scale Barding Armor
28:31 Iron Casting
28:46 Squires
28:31 Arson
28:07 Pikeman
29:13 Chain Barding Armor
28:47 Fletching
30:17 Chemistry
29:23 Husbandry
29:57 Bloodlines
31:20 Stone Shaft Mining
31:53 Two-Man Saw
31:38 Architecture
33:14 Blast Furnace
32:49 Plate Barding Armor
31:46 Cavalier
32:50 Elite Skirmisher
34:33 Bodkin Arrow
34:38 Padded Archer Armor
35:25 Thumb Ring
36:03 Bracer
35:42 Paladin
37:41 Leather Archer Armor
39:09 Conscription
41:03 Ring Archer Armor
41:22 Scale Mail Armor
42:10 Light Cavalry
Kırmızı Balık
10:13 Feudal Age
10:37 Feudal Age
14:40 Castle Age
13:08 Horse Collar
13:39 Double-Bit Axe
14:25 Loom
15:18 Gold Mining
15:41 Bow Saw
18:42 Town Watch
19:52 Redemption
22:19 Fervor
23:18 Atonement
25:47 Sanctity
26:23 Wheelbarrow
27:13 Devotion
29:44 Town Patrol
29:28 Treadmill Crane
33:17 Wheelbarrow
34:49 Fletching
38:05 Imperial Age
36:07 Bodkin Arrow
36:34 Ballistics
36:57 Murder Holes
37:38 Herbalism
38:42 Hand Cart
38:58 Heavy Plow
40:02 Two-Man Saw
39:54 Squires
40:35 Illumination
40:39 Faith
41:44 Forging
41:20 Champi Runner
43:04 Gold Shaft Mining
43:22 Iron Casting
42:52 Scale Mail Armor
42:31 Champi Warrior
44:01 Chain Mail Armor
43:57 Elite Champi Warrior
44:27 Pikeman
DerButtermesserSchlitzer
10:43 Feudal Age
14:39 Castle Age
12:40 Double-Bit Axe
16:12 Loom
25:10 Wheelbarrow
26:38 Gold Mining
28:06 Gold Shaft Mining
27:55 Bow Saw
27:29 Horse Collar
28:54 Hand Cart
28:56 Light Cavalry
32:28 Imperial Age
31:12 Scale Barding Armor
31:17 Forging
32:13 Chain Barding Armor
32:41 Cavalier
34:36 Plate Barding Armor
34:36 Iron Casting
34:42 Savar
35:43 Bloodlines
35:33 Husbandry
36:38 Coinage
35:47 Heavy Camel Rider
37:51 Blast Furnace
38:15 Banking
40:54 Stone Mining
42:09 Two-Man Saw
41:13 Heavy Plow
DerZerfetzer
10:25 Feudal Age
13:59 Castle Age
14:26 Loom
14:28 Town Watch
19:52 Wheelbarrow
19:44 Double-Bit Axe
20:02 Horse Collar
24:03 Heavy Plow
28:11 Imperial Age
26:55 Hand Cart
26:28 Town Watch
27:17 Fletching
27:27 Padded Archer Armor
28:21 Bodkin Arrow
28:41 Bloodlines
28:31 Husbandry
29:28 Bracer
29:05 Elite Elephant Archer
30:30 Leather Archer Armor
31:52 Gold Mining
31:55 Stone Mining
33:43 Chemistry
33:58 Forging
33:53 Scale Barding Armor
34:18 Ring Archer Armor
34:12 Ballistics
33:35 Light Cavalry
35:22 Gold Shaft Mining
35:48 Iron Casting
35:21 Paiks
35:34 Bow Saw
36:27 Coinage
36:34 Chain Barding Armor
39:05 Mahayana
39:05 Conscription
41:51 Blast Furnace
41:31 Plate Barding Armor
42:11 Two-Man Saw
41:43 Crop Rotation
DerZerSchlachta
10:08 Feudal Age
14:06 Castle Age
12:01 Double-Bit Axe
12:02 Horse Collar
13:49 Loom
15:10 Bow Saw
21:56 Atonement
23:43 Redemption
25:21 Wheelbarrow
24:47 Heavy Plow
31:55 Imperial Age
33:07 Chemistry
33:06 Illumination
36:01 Fletching
37:11 Padded Archer Armor
39:47 Hand Cart
Connection lost

Rejoining the realm…

Still unreachable

The connection could not be restored.

Session expired

The server has moved on; the page needs a fresh start.